 Dungeon Crawl Stone Soup version 0.22.1-1-ga44c0e56f4 (webtiles) character file.

226228 Gargoyl the Corrupter of Planes (level 18, -5/155 HPs)
             Began as a Centaur Abyssal Knight on Oct 27, 2018.
             Was the Champion of Lugonu.
             Slain by a water elemental (6 damage)
             ... summoned by Ilsuiw
             ... on level 2 of the Shoals.
             The game lasted 01:33:50 (46837 turns).

Gargoyl the Corrupter of Planes (CeAK)             Turns: 46837, Time: 01:33:51

Health: -5/155     AC: 39    Str: 27    XL:     18   Next: 64%
Magic:  29/29      EV:  3    Int: 11    God:    Lugonu [******]
Gold:   1055       SH:  0    Dex: 13    Spells: 17/17 levels left

rFire    + + .     SeeInvis .   v - +7 hand axe (elec)
rCold    + + +     Gourm    .   y - +2 shield {rC+ rF+}
rNeg     + + .     Faith    .   s - +4 gold dragon scales
rPois    +         Spirit   .   m - +2 helmet
rElec    .         Reflect  +   A - +2 cloak {+Inv}
rCorr    .         Harm     .   S - +2 pair of gloves of Uskayaw's Fury {rN+}
MR       +....                  q - +1 centaur barding {Fly}
Stlth    ..........             x - amulet of Wotack {Reflect Slay+4 SH+3}
HPRegen  0.35/turn              E - ring of Mapose {rC+ rN+ Str+3}
MPRegen  0.21/turn              T - +5 ring of strength

@: confused, engulfed (cannot breathe), flying, very quick
A: large, hooves 3, cold resistance 1, deformed body, speed 2, tough skin 3,
MP-powered wands
}: 1/15 runes: gossamer
a: Depart the Abyss, Bend Space, Banish, Corrupt, Enter the Abyss, Brand Weapon
With Distortion, Renounce Religion, Evoke Invisibility, Stop Flying


You were on level 2 of the Shoals.
You worshipped Lugonu.
Lugonu was exalted by your worship.
You were very hungry.

You visited 5 branches of the dungeon, and saw 28 of its levels.
You visited the Abyss 2 times.
You also visited: Labyrinth, Bailey and Ice Cave.

You collected 2271 gold pieces.
You spent 1216 gold pieces at shops.

Inventory:

Hand Weapons
 a - a +1 hand axe
 r - a +1 war axe of flaming
 v - a +7 hand axe of electrocution (weapon)
 X - a +0 war axe of draining
Missiles
 e - 14 javelins (quivered)
Armour
 j - a scarf of cloud immunity
 m - a +2 helmet (worn)
 q - a +1 centaur barding of flying (worn)
 s - +4 gold dragon scales (worn)
 y - a +2 shield of resistance (worn)
 A - a +2 cloak of invisibility (worn)
 S - the +2 pair of gloves of Uskayaw's Fury (worn) {rN+}
   (You found it on level 13 of the Dungeon)

   It protects you from negative energy.
Jewellery
 g - an uncursed ring of positive energy
 u - an uncursed ring of protection from fire
 w - an uncursed ring of resist corrosion
 x - the amulet of Wotack (around neck) {Reflect Slay+4 SH+3}
   (You found it on level 1 of the Shoals)

   [amulet of reflection]

   It shields you and reflects attacks.
   It affects your accuracy and damage with ranged weapons and melee attacks
   (+4).
   It affects your SH (+3).
 C - an uncursed amulet of regeneration
 E - the ring of Mapose (left hand) {rC+ rN+ Str+3}
   (You bought it in a shop on level 1 of the Shoals)

   [ring of strength]

   It affects your strength (+3).
   It protects you from cold.
   It protects you from negative energy.
 T - a +5 ring of strength (right hand)
Wands
 f - a wand of flame (23)
 h - a wand of disintegration (15)
 k - a wand of paralysis (8)
 B - a wand of digging (9)
 H - a wand of clouds (5)
Scrolls
 d - 3 scrolls of identify
 i - 5 scrolls of remove curse
 n - 6 scrolls of teleportation
 o - a scroll of silence
 z - a scroll of fear
 G - 4 scrolls of magic mapping
 Y - a scroll of summoning
Potions
 b - 6 potions of curing
 l - a potion of magic
 p - 4 potions of flight
 D - 2 potions of haste
 F - a potion of brilliance
 L - a potion of cancellation
 N - 6 potions of agility
 Q - 4 potions of might
 R - a potion of berserk rage
 U - a potion of invisibility
 V - a potion of ambrosia
 W - 2 potions of mutation
Comestibles
 c - 38 rations


   Skills:
 + Level 12.4 Fighting
 + Level 14.2(14.6) Axes
   Level 5.9(11.1) Maces & Flails
 + Level 3.9 Throwing
 * Level 14.7 Armour
 + Level 2.3 Dodging
 + Level 9.5 Shields
 * Level 15.9 Invocations
 + Level 2.1 Evocations


You had 17 spell levels left.
You didn't know any spells.
Your spell library contained the following spells:

 Spells                   Type           Power        Failure   Level  Hunger
 Apportation              Tloc           #.....       100%        1    ##.....
 Beastly Appendage        Tmut           #.....       100%        1    ##.....
 Confusing Touch          Hex            #.....       100%        1    ##.....
 Magic Dart               Conj           #...         100%        1    ##.....
 Sandblast                Erth           #.....       100%        1    ##.....
 Shock                    Conj/Air       #...         100%        1    ##.....
 Summon Butterflies       Summ           #.......     100%        1    ##.....
 Blink                    Tloc           N/A          100%        2    ###....
 Call Imp                 Summ           #.......     100%        2    ###....
 Passwall                 Tmut/Erth      #.......     100%        2    ###....
 Searing Ray              Conj           #.....       100%        2    ###....
 Shroud of Golubria       Chrm/Tloc      #.........   100%        2    ###....
 Slow                     Hex            #.......     100%        2    ###....
 Sticks to Snakes         Tmut           #.......     100%        2    ###....
 Swiftness                Chrm/Air       #.......     100%        2    ###....
 Confuse                  Hex            #.......     100%        3    ####...
 Conjure Flame            Conj/Fire      #.......     100%        3    ####...
 Dazzling Spray           Conj/Hex       #.....       100%        3    ####...
 Gell's Gravitas          Tloc           #.........   100%        3    ####...
 Lesser Beckoning         Tloc           #.........   100%        3    ####...
 Mephitic Cloud           Conj/Pois/Air  #.......     100%        3    ####...
 Portal Projectile        Hex/Tloc       #.....       100%        3    ####...
 Spider Form              Tmut/Pois      #.........   100%        3    ####...
 Static Discharge         Conj/Air       #.......     100%        3    ####...
 Stone Arrow              Conj/Erth      #.....       100%        3    ####...
 Teleport Other           Tloc           #.......     100%        3    ####...
 Tukima's Dance           Hex            #.......     100%        3    ####...
 Airstrike                Air            #.........   100%        4    #####..
 Force Lance              Conj/Tloc      #.......     100%        4    #####..
 Fulminant Prism          Conj/Hex       #.........   100%        4    #####..
 Ice Form                 Ice/Tmut       #.......     100%        4    #####..
 Iskenderun's Mystic Bla  Conj           #.......     100%        4    #####..
 Leda's Liquefaction      Hex/Erth       #.........   100%        4    #####..
 Passage of Golubria      Tloc           N/A          100%        4    #####..
 Petrify                  Tmut/Erth      #.......     100%        4    #####..
 Alistair's Intoxication  Tmut/Pois      #.......     100%        5    ######.
 Blade Hands              Tmut           #.........   100%        5    ######.
 Bolt of Magma            Conj/Fire/Erth #.........   100%        5    ######.
 Lee's Rapid Deconstruct  Erth           #.........   100%        5    ######.
 Lightning Bolt           Conj/Air       #.........   100%        5    ######.
 Metabolic Englaciation   Hex/Ice        #.........   100%        5    ######.
 Yara's Violent Unravell  Hex/Tmut       #.........   100%        5    ######.
 Dispersal                Tloc           #.........   100%        6    #######
 Invisibility             Hex            #.......     100%        6    #######
 Iron Shot                Conj/Erth      #.........   100%        6    #######
 Statue Form              Tmut/Erth      #........    100%        6    #######
 Controlled Blink         Tloc           N/A          100%        8    #######
 Disjunction              Tloc           #.........   100%        8    #######
 Shatter                  Erth           #.........   100%        9    #######


Dungeon Overview and Level Annotations

Branches:
Dungeon (15/15)            Temple (0/1) D:6            Lair (6/6) D:11
 Shoals (2/4) Lair:4       Spider (4/4) Lair:3        Slime (0/5) Lair:6
    Orc (0/2) D:12         Vaults (1/5) D:13         Depths (0/5) D:15

Altars:
Ashenzari
Cheibriados
Dithmenos
Fedhas
Gozag
Hepliaklqana
Makhleb
Okawaru
Ru
Sif Muna
Trog
Wu Jian
Xom
Zin
The Shining One
Jiyva

Shops:
D:8 (   D:12 *   D:15 (   Shoals:1 *:=[

Portals:
Hell: Lair:6

Annotations:
Lair:6 exclusion: 3 oklob plants
Shoals:2 Ilsuiw
Spider:1 Kirke


Innate Abilities, Weirdness & Mutations

You have hooves in place of feet.
Armour fits poorly on your strangely shaped body.
You cover ground very quickly.
You have extremely tough skin. (AC +3)
Your flesh is cold resistant. (rC+)
You expend magic power (3 MP) to strengthen your wands.


Message History

The water elemental hits you. x2
Unknown command.
Your gold dragon scales prevents you from hitting something.
You kick something. You hit the water elemental.
Your gold dragon scales prevents you from hitting the water elemental.
You slash the water elemental!
* * * LOW HITPOINT WARNING * * *
Your lungs strain for air!
The water elemental hits you.
* * * LOW HITPOINT WARNING * * *
Something hits you but does no damage.
You completely miss something. Your kick misses something.
You slash the water elemental! You hit the water elemental.
You closely miss the water elemental.
* * * LOW HITPOINT WARNING * * *
Your lungs strain for air!
The water elemental hits you.
* * * LOW HITPOINT WARNING * * *
The water elemental hits you.
You die...

... ##..#......≈≈≈≈ ...#
##.....(..≈≈≈≈≈≈
##..###...≈≈≈≈≈≈≈≈≈≈≈≈
###..........≈≈≈≈≈≈≈≈≈≈≈
.....≈≈≈≈≈.≈≈≈≈≈≈≈≈≈≈≈≈≈
....≈≈≈≈≈≈≈≈≈≈≈≈≈≈≈≈≈≈≈≈
≈..≈≈.≈≈≈)≈≈≈≈≈≈≈≈≈≈≈≈≈
≈≈≈≈≈.≈E≈≈≈≈≈≈≈≈≈≈≈≈≈≈
≈≈≈≈..{@E≈)≈≈≈≈≈≈≈≈≈≈
≈≈≈≈≈≈≈E.≈≈≈≈≈≈≈≈≈≈≈
≈.≈≈≈≈≈≈≈≈≈≈≈≈≈≈≈≈≈≈
....≈≈≈≈≈≈≈≈≈≈≈≈≈≈≈≈
≈≈≈≈≈≈≈≈≈≈≈≈≈≈≈≈≈≈≈≈
≈≈≈≈≈≈≈≈≈≈≈≈≈≈≈≈≈≈≈≈
≈≈≈≈≈≈≈≈≈≈≈≈≈≈≈≈≈≈
≈≈≈≈≈≈≈≈≈≈≈≈≈≈≈≈≈≈


You could see 3 water elementals.

Vanquished Creatures
  Arachne (Spider:2)
  Nikola (Spider:3)
  A sphinx (Vaults:1)
  Agnes (Lair:3)
  Roxanne (Shoals:1)
  2 deep elf sorcerers (Vaults:1)
  2 ghost moths
  2 vault wardens (Vaults:1)
  5 emperor scorpions
  3 very ugly things (Vaults:1)
  A reaper (IceCv)
  7 ironheart preservers (Vaults:1)
  2 entropy weavers
  Azrael (D:12)
  A dire elephant (Lair:6)
  A minotaur (Lab)
  Snorg (Lair:5)
  A deep elf death mage (Vaults:1)
  2 merfolk impalers (Shoals:2)
  2 fire dragons (Vaults:1)
  8 vault guards
  A hell beast (Lair:6)
  3 great orbs of eyes (Vaults:1)
  The ghost of Azzok the Covert, a journeyman GnEn of Ashenzari (D:10)
  A death knight (Vaults:1)
  3 catoblepae
  2 centaur warriors
  Erica (D:9)
  3 ogre magi (Vaults:1)
  5 two-headed ogres
  The ghost of Eralyen the Markscentaur, a novice CeHu of Okawaru (D:10)
  A deep troll earth mage (Vaults:1)
  4 death yaks
  A tengu warrior (D:15)
  2 deep troll shamans (Vaults:1)
  A deep elf knight (Vaults:1)
  A skeletal warrior (Vaults:1)
  5 unseen horrors
  A glowing orange brain (D:15)
  A flayed ghost (Vaults:1)
  A deep troll (Vaults:1)
  A sea snake (Shoals:1)
  A storm dragon skeleton (Vaults:1)
  5 deep elf archers (Vaults:1)
  4 wizards
  A phantasmal warrior (D:13)
  5 harpies (Shoals:2)
  3 ironbrand convokers
  Pikel (D:8)
  3 necromancers
  4 orc knights
  19 wolf spiders
  4 deep elf magi
  An orc sorcerer (Vaults:1)
  8 fauns (Shoals:1)
  4 cyclopes
  19 orb spiders
  39 ugly things
  9 manticores
  8 merfolk sirens
  2 vault sentinels
  Joseph (D:8)
  A water nymph (Shoals:1)
  5 black mambas
  A torpor snail (Spider:2)
  An orange demon (Lair:5)
  3 gargoyles
  2 ice statues (IceCv)
  9 spiny frogs
  2 minotaur zombies (Lab)
  A rime drake (shapeshifter) (D:14)
  A kobold demonologist (D:13)
  A freezing wraith (Vaults:1)
  7 rime drakes
  8 yaktaurs
  12 demonic crawlers
  An efreet (D:15)
  2 hellwings
  11 ice devils
  A tengu conjurer (D:15)
  4 komodo dragons
  5 trolls
  5 merfolk
  35 jumping spiders
  2 wind drakes (Shoals:1)
  3 red devils (Lair:6)
  3 meliai (Spider:4)
  Prince Ribbit (D:8)
  15 slime creatures
  8 hornets
  2 polar bears
  5 dream sheep (Lair:3)
  26 blink frogs
  9 hippogriffs
  84 redbacks
  A tarantella (shapeshifter) (D:15)
  36 tarantellas
  A yak (shapeshifter) (D:15)
  4 water elementals
  A human (shapeshifter) (D:15)
  3 wyverns
  73 yaks
  2 wraiths
  3 fire elementals (D:12)
  3 basilisks
  A hog (shapeshifter) (Vaults:1)
  20 humans
  Grum (D:8)
  4 hogs
  14 vampire mosquitoes
  A human simulacrum (Vaults:1)
  4 acid dragons
  A water moccasin (shapeshifter) (Vaults:1)
  10 hell hounds
  9 water moccasins
  A deep troll skeleton (Vaults:1)
  7 porcupines
  4 sky beasts
  15 orc warriors
  2 slaves (D:8)
  9 ice beasts
  4 black bears
  A necrophage (D:6)
  3 phantoms
  9 boggarts
  18 ogres
  7 wolves
  16 centaurs
  12 crocodiles
  4 big kobolds
  16 bullfrogs
  2 human zombies (Vaults:1)
  2 wyvern zombies
  A human skeleton (Vaults:1)
  4 wyvern skeletons
  7 scorpions
  8 wights
  7 electric eels
  A howler monkey (D:7)
  2 centaur zombies
  2 crimson imps
  2 bullfrog zombies
  10 hounds
  A quasit (D:7)
  10 orc priests
  2 centaur skeletons
  19 orc wizards
  A bullfrog skeleton (D:5)
  An iguana (D:6)
  16 worker ants
  11 adders
  2 shadow imps
  9 white imps (IceCv)
  8 ufetubi (IceCv)
  3 oozes
  An adder zombie (D:9)
  4 adder skeletons
  A worm (shapeshifter) (D:15)
  6 worms
  A dart slug (D:4)
  3 leopard geckos
  71 orcs
  8 giant cockroaches
  5 goblins
  14 hobgoblins
  8 jackals
  29 kobolds
  3 quokkas
  3 ball pythons
  11 bats
  8 frilled lizards
  A jackal skeleton (D:7)
  4 leopard gecko skeletons
  5 rats
  9 fungi
  A plant (Lair:6)
1150 creatures vanquished.

Vanquished Creatures (collateral kills)
  A ghost moth (Spider:4)
  An orc warrior (Bailey)
  3 yaks (D:14)
5 creatures vanquished.

Vanquished Creatures (others)
  A yaktaur captain (Vaults:1)
  5 hydras
  3 unseen horrors
  A deep elf archer (Vaults:1)
  A black mamba (Lair:3)
  A torpor snail (Lair:4)
  2 yaktaurs (Vaults:1)
  A jumping spider (Spider:4)
  2 slime creatures (D:12)
  A redback (Spider:4)
  3 orc warriors (Bailey)
  A slave (D:8)
  A wyvern zombie (D:12)
  3 ufetubi (IceCv)
  An orc (Vaults:1)
  2 bushes
  6 fungi
  7 plants
42 creatures vanquished.

Grand Total: 1197 creatures vanquished

Notes
Turn   | Place    | Note
-------+----------+-------------------------------------------
     0 | Abyss:1  | Gargoyl the Centaur Abyssal Knight began the quest for the
                  | Orb.
     0 | Abyss:1  | Reached XP level 1. HP: 19/19 MP: 2/2
    23 | Abyss:1  | Noticed a starcursed mass
    39 | Abyss:1  | Noticed a rust devil
    45 | Abyss:1  | Noticed a large abomination
    49 | Abyss:1  | Gained mutation: You are partially covered in large bone
                  | plates. (SH +4) [potion of mutation]
    49 | Abyss:1  | Gained mutation: Your spells are a little harder to cast,
                  | but a little more powerful. [potion of mutation]
    49 | Abyss:1  | Gained mutation: You do not regenerate when monsters are
                  | visible. [potion of mutation]
    49 | Abyss:1  | Gained mutation: You expend magic power (3 MP) to
                  | strengthen your wands. [potion of mutation]
    64 | Abyss:1  | Noticed a small abomination
    79 | Abyss:1  | Noticed a large abomination
    80 | Abyss:1  | Noticed a raiju
    90 | D:1      | Escaped the Abyss
   655 | D:1      | Reached XP level 2. HP: 26/26 MP: 3/3
   662 | D:1      | Reached * piety under Lugonu
  1112 | D:2      | Found a bloodstained altar of Trog.
  1112 | D:2      | Found an ornate altar of the Wu Jian Council.
  1119 | D:2      | Reached XP level 3. HP: 22/33 MP: 4/4
  1616 | D:2      | Found Zin's Purification Station.
  1625 | D:2      | Found a glowing silver altar of Zin.
  1633 | D:2      | Reached XP level 4. HP: 27/40 MP: 6/6
  1736 | D:2      | Bought a potion of curing for 90 gold pieces
  1760 | D:2      | Reached skill level 3 in Invocations
  2270 | D:3      | Reached ** piety under Lugonu
  2687 | D:3      | Reached XP level 5. HP: 46/46 MP: 7/7
  3633 | D:4      | Reached *** piety under Lugonu
  3791 | D:4      | Reached XP level 6. HP: 52/52 MP: 8/8
  4095 | D:3      | Reached skill level 1 in Dodging
  4657 | D:4      | Reached skill level 4 in Invocations
  4767 | D:4      | Found a glowing golden altar of the Shining One.
  5098 | D:4      | Reached XP level 7. HP: 40/60 MP: 10/10
  5374 | D:5      | Entered Level 5 of the Dungeon
  5715 | D:5      | Found a shattered altar of Ashenzari.
  5846 | D:5      | Reached skill level 1 in Maces & Flails
  6300 | D:6      | Found a shadowy altar of Dithmenos.
  6381 | D:6      | Reached XP level 8. HP: 56/67 MP: 11/11
  6536 | D:6      | Reached **** piety under Lugonu
  6700 | D:6      | Found a staircase to the Ecumenical Temple.
  6776 | D:6      | Found a deep blue altar of Sif Muna.
  6880 | D:6      | Reached skill level 5 in Invocations
  7091 | D:6      | Found a shimmering altar of Xom.
  7357 | D:6      | Reached skill level 5 in Fighting
  7395 | D:6      | Found a blossoming altar of Fedhas.
  7521 | D:7      | Found an iron altar of Okawaru.
  7568 | D:7      | Reached skill level 5 in Armour
  7622 | D:7      | Found a hazy altar of Hepliaklqana.
  7899 | D:7      | Reached XP level 9. HP: 74/74 MP: 13/13
  7979 | D:7      | Found a snail-covered altar of Cheibriados.
  9033 | D:8      | Noticed a centaur warrior
  9049 | D:8      | Killed a centaur warrior
  9049 | D:8      | Reached skill level 5 in Maces & Flails
  9049 | D:8      | Reached skill level 6 in Invocations
  9349 | D:8      | Reached XP level 10. HP: 70/83 MP: 15/15
  9489 | D:8      | Noticed Pikel
  9501 | D:8      | Killed Pikel
  9789 | D:8      | Noticed Joseph
  9807 | D:8      | Killed Joseph
  9876 | D:8      | Found Viconn's Antique Weapon Boutique.
  9882 | D:8      | Bought a glowing hand axe for 114 gold pieces
  9882 | D:8      | Bought a glowing hand axe for 114 gold pieces
  9997 | D:8      | Noticed Prince Ribbit
 10033 | D:8      | Killed Prince Ribbit
 10033 | D:8      | Reached skill level 7 in Invocations
 10292 | D:8      | Reached ***** piety under Lugonu
 10376 | D:9      | Noticed Erica
 10389 | D:9      | Killed Erica
 10898 | D:9      | Reached skill level 5 in Axes
 11122 | D:9      | Noticed Grum
 11141 | D:8      | Reached skill level 8 in Invocations
 11396 | D:8      | Killed Grum
 11732 | D:9      | Found an opulent altar of Gozag.
 12033 | D:10     | Entered Level 10 of the Dungeon
 12184 | D:10     | Found a flagged portal.
 12202 | Bailey   | Entered a bailey
 12457 | Bailey   | Reached XP level 11. HP: 90/90 MP: 17/17
 13697 | D:10     | Banished an unseen horror
 14507 | D:10     | Found a runed gate.
 14507 | D:10     | Found a runed gate.
 14508 | D:10     | Found a runed gate.
 14509 | D:10     | Noticed Eralyen's ghost (novice CeHu)
 14711 | D:10     | Noticed Azzok's ghost (journeyman GnEn)
 14781 | D:10     | Killed Azzok's ghost
 14781 | D:10     | Reached skill level 9 in Invocations
 14805 | D:10     | Killed Eralyen's ghost
 14805 | D:10     | Reached skill level 1 in Shields
 15245 | D:11     | Noticed a brown ugly thing
 15260 | D:11     | Killed a brown ugly thing
 15316 | D:11     | Killed an unseen horror
 16046 | D:11     | Found a staircase to the Lair.
 16185 | Lair:1   | Entered Level 1 of the Lair of Beasts
 16506 | Lair:1   | Reached XP level 12. HP: 42/100 MP: 19/19
 16875 | D:11     | Reached skill level 10 in Armour
 16875 | D:11     | Reached skill level 10 in Invocations
 16875 | D:11     | Reached XP level 13. HP: 107/107 MP: 20/20
 18723 | Lair:3   | Found a hole to the Spider Nest.
 18753 | Lair:3   | Found a labyrinth entrance.
 18762 | Lab      | Entered a labyrinth
 18763 | Lab      | Identified a scroll of acquirement
 19280 | Lab      | Noticed a minotaur
 19293 | Lab      | Killed a minotaur
 19293 | Lab      | Reached skill level 11 in Invocations
 20883 | Lair:4   | Found a staircase to the Shoals.
 22338 | Lair:5   | Reached XP level 14. HP: 100/116 MP: 22/22
 22525 | Lair:5   | Noticed Snorg
 22537 | Lair:5   | Killed Snorg
 22787 | Lair:6   | Entered Level 6 of the Lair of Beasts
 22787 | Lair:6   | Found a staircase to the Slime Pits.
 22787 | Lair:6   | Found a viscous altar of Jiyva.
 22925 | Lair:6   | Found a frozen archway.
 23073 | Lair:6   | Reached skill level 12 in Invocations
 23127 | IceCv    | Entered an ice cave
 23643 | IceCv    | Reached skill level 10 in Axes
 23888 | IceCv    | Noticed a reaper
 23902 | IceCv    | Killed a reaper
 23902 | IceCv    | Reached ****** piety under Lugonu
 25656 | Lair:6   | Found a burning altar of Makhleb.
 26270 | Lair:6   | Found a gateway to Hell.
 26533 | D:12     | Reached skill level 5 in Shields
 26536 | D:12     | Lost mutation: You expend magic power (3 MP) to strengthen
                  | your wands. [potion of mutation]
 26536 | D:12     | Lost mutation: Your spells are a little harder to cast, but
                  | a little more powerful. [potion of mutation]
 26536 | D:12     | Lost mutation: You are partially covered in large bone
                  | plates. (SH +4) [potion of mutation]
 26536 | D:12     | Gained mutation: Your flesh is cold resistant. (rC+)
                  | [potion of mutation]
 26536 | D:12     | Gained mutation: Your muscles are strong. (Str +2) [potion
                  | of mutation]
 26537 | D:12     | Lost mutation: Your muscles are strong. (Str +2) [potion of
                  | mutation]
 26537 | D:12     | Lost mutation: You do not regenerate when monsters are
                  | visible. [potion of mutation]
 26537 | D:12     | Lost mutation: Your flesh is cold resistant. (rC+) [potion
                  | of mutation]
 26537 | D:12     | Gained mutation: You expend magic power (3 MP) to
                  | strengthen your wands. [potion of mutation]
 26537 | D:12     | Gained mutation: Your flesh is cold resistant. (rC+)
                  | [potion of mutation]
 26716 | D:12     | You fall through a shaft!
 26770 | D:12     | Noticed Azrael
 27109 | D:12     | Found Qaowul's Demolitions Depot.
 27412 | D:12     | Reached XP level 15. HP: 100/125 MP: 24/24
 27678 | D:12     | Killed Azrael
 27950 | D:12     | Found a staircase to the Orcish Mines.
 28307 | D:13     | Found a gate to the Vaults.
 28316 | D:13     | Reached skill level 13 in Invocations
 28700 | D:13     | Got a pair of bloodstained gloves
 28711 | D:13     | Identified the +2 pair of gloves of Uskayaw's Fury {rN+}
                  | (You found it on level 13 of the Dungeon)
 29149 | D:14     | Reached skill level 10 in Fighting
 29881 | D:15     | Entered Level 15 of the Dungeon
 30391 | D:15     | Cast into level 3 of the Abyss (a wizard)
 30392 | D:15     | Escaped the Abyss
 30427 | D:15     | Found a sacrificial altar of Ru.
 30646 | D:15     | Found Gukhliacs's Weapon Emporium.
 31202 | D:15     | Found a staircase to the Depths.
 31387 | Spider:1 | Entered Level 1 of the Spider Nest
 31405 | Spider:1 | Reached XP level 16. HP: 105/135 MP: 26/26
 31408 | Spider:1 | Noticed Kirke
 32662 | Spider:1 | Noticed Agnes
 32690 | Lair:3   | Killed Agnes
 33578 | Spider:1 | Reached skill level 14 in Invocations
 35678 | Spider:2 | Noticed Arachne
 35709 | Spider:2 | Killed Arachne
 37248 | Spider:3 | Noticed Nikola
 37630 | Spider:3 | Killed Nikola
 37928 | Spider:4 | Entered Level 4 of the Spider Nest
 37987 | Spider:3 | Reached XP level 17. HP: 134/144 MP: 27/27
 38744 | Spider:4 | Paralysed by a hornet for 3 turns
 40004 | Spider:4 | Got a gossamer rune of Zot
 40737 | Vaults:1 | Entered Level 1 of the Vaults
 41333 | Vaults:1 | Reached skill level 15 in Invocations
 41366 | Vaults:1 | Paralysed by a great orb of eyes for 4 turns
 43341 | Vaults:1 | Reached XP level 18. HP: 151/154 MP: 29/29
 45426 | Shoals:1 | Entered Level 1 of the Shoals
 45431 | Shoals:1 | Found Leczad's Book Shop.
 45480 | Shoals:1 | Got a scintillating silver amulet
 45482 | Shoals:1 | Identified the amulet of Wotack {Reflect Slay+4 SH+3} (You
                  | found it on level 1 of the Shoals)
 45536 | Shoals:1 | Found Riegug's Jewellery Boutique.
 45557 | Shoals:1 | Bought the ring of Mapose {rC+ rN+ Str+3} for 576 gold
                  | pieces
 45779 | Shoals:1 | Noticed Roxanne
 45844 | Shoals:1 | Killed Roxanne
 46129 | Shoals:1 | Found Iklymeq's Assorted Antiques.
 46248 | Shoals:1 | Bought a scroll of enchant armour for 322 gold pieces
 46601 | Shoals:1 | Found Ypateh's Armour Shoppe.
 46786 | Shoals:2 | Noticed Ilsuiw
 46836 | Shoals:2 | HP: 5/155 [water elemental[Ilsuiw] (4)]
 46837 | Shoals:2 | HP: 1/155 [water elemental[Ilsuiw] (2)]
 46837 | Shoals:2 | Slain by a water elemental

Skill      XL: |  1  2  3  4  5  6  7  8  9 10 11 12 13 14 15 16 17 18 |
---------------+-------------------------------------------------------+-----
Fighting       | 4 5 6 7 8 9 10 11 12 | 12.4
Axes           | 2 3 4 5 7 8 9 10 12 13 14 | 14.2
Invocations    | 3 4 5 6 8 9 10 11 12 13 14 15 | 15.9
Armour         | 2 3 4 5 7 8 9 10 11 12 13 14 | 14.7
Dodging        | 1 2 |  2.3
Maces & Flails | 1 3 5 |  5.9
Shields        | 1 2 3 5 7 8 9 |  9.5
Throwing       | 2 3 |  3.9
Evocations     | 2 |  2.1

Action                   |  1- 3 |  4- 6 |  7- 9 | 10-12 | 13-15 | 16-18 || total
-------------------------+-------+-------+-------+-------+-------+-------++-------
Melee: Hand axe          |   112 |   189 |       |   553 |  1668 |  1612 ||  4134
       Kick              |    24 |    61 |    91 |   192 |   616 |   670 ||  1654
       Whip              |       |     8 |   326 |    39 |       |       ||   373
       Unarmed           |       |       |       |       |       |     1 ||     1
Throw: Tomahawk          |       |       |     2 |     5 |     3 |       ||    10
       Javelin           |       |       |       |       |    12 |    44 ||    56
Invok: Depart the Abyss  |     1 |       |       |       |     1 |       ||     2
       Bend Space        |       |       |     3 |     6 |     2 |     3 ||    14
       Banish            |       |       |       |     3 |    13 |     1 ||    17
Evoke: Wand              |       |       |       |     5 |       |       ||     5
  Use: Potion            |     1 |       |     9 |     5 |     5 |     9 ||    29
       Scroll            |     4 |     2 |     5 |     5 |    20 |    14 ||    50
 Stab: Petrified         |       |       |       |       |    10 |       ||    10
  Eat: Chunk             |     1 |     6 |    12 |    15 |    22 |    16 ||    72
       Ration            |       |     1 |       |     2 |     7 |     8 ||    18
Armor: Plate armour      |    84 |   123 |   203 |   168 |       |       ||   578
       Gold dragon scale |       |       |       |   266 |  1486 |  1218 ||  2970
Dodge: Dodged            |    12 |    39 |    66 |    62 |   109 |   115 ||   403
Block: Other             |    25 |    29 |    44 |    35 |       |       ||   133
       Buckler           |       |       |       |   106 |   477 |       ||   583
       Shield            |       |       |       |       |    40 |  1368 ||  1408
       Reflection        |       |       |       |       |       |    63 ||    63
